 Dungeon Crawl Stone Soup version 0.30-a0-862-g1aabd4f9c5 (webtiles) character file.

Game seed: 12776906462598745135

96 FexLirch the Covered (level 4, -5/40 HPs)
             Began as an Armataur Fighter on Mar 8, 2023.
             Killed by divine providence
             ... invoked by an orc priest
              (12 damage)
             ... on level 3 of the Dungeon.
             The game lasted 00:03:27 (1810 turns).

FexLirch the Covered (Armataur Fighter)             Turns: 1810, Time: 00:03:27

Health: -5/40      AC: 10    Str: 24      XL:     4   Next: 41%
Magic:  3/3        EV:  7    Int:  8      God:
Gold:   59         SH:  4    Dex:  8 (9)  Spells: 3/3 levels left

rFire   . . .      SeeInvis +    a - +0 flail
rCold   . . .      Faith    .    c - +0 buckler
rNeg    . . .      Spirit   .    b - +0 scale mail
rPois   +          Reflect  .    (no helmet)
rElec   .          Roll     +    o - +1 cloak {rCorr}
rCorr   +                        q - +0 pair of gloves
Will    +....                    (no barding) Stlth
                                 (no amulet)
HPRegen 0.26/turn                g - ring of see invisible
MPRegen 0.08/turn                (no ring)

@: no status effects
A: large, rugged brown scales 3, deformed body, armoured tail, roll, long
tongue, awkward tongue, talons 1, deterioration 1, low MP 1, strong-willed 1,
sense surroundings 1, poison resistance
a: no special abilities


You were on level 3 of the Dungeon.
You visited 1 branch of the dungeon, and saw 3 of its levels.

You collected 59 gold pieces.

Inventory:

Hand Weapons
 a - a +0 flail (weapon)
Missiles
 k - 13 stones (quivered)
Armour
 b - a +0 scale mail (worn)
 c - a +0 buckler (worn)
 o - a +1 cloak of preservation (worn)
 q - a +0 pair of gloves (worn)
Jewellery
 g - a ring of see invisible (left hand)
Scrolls
 f - a scroll of immolation {unknown}
 h - a scroll of blinking {unknown}
 i - a scroll of silence {unknown}
 j - a scroll of vulnerability {unknown}
 m - a scroll of magic mapping {unknown}
 r - a scroll of identify {unknown}
 s - a scroll of enchant weapon {unknown}
 t - a scroll of teleportation {unknown}
 u - a scroll of torment {unknown}
 w - a scroll of brand weapon {unknown}
Potions
 d - 2 potions of might
 e - 2 potions of curing {unknown}
 l - a potion of brilliance {unknown}
 n - a potion of cancellation {unknown}
 p - 2 potions of haste {unknown}
 v - a potion of degeneration {unknown}


   Skills:
 + Level 3.1 Fighting
 * Level 3.0 Maces & Flails
 + Level 4.3 Armour
 + Level 3.9 Shields


You had 3 spell levels left.
You didn't know any spells.
Your spell library contained the following spells:

 Spells                   Type           Power      Damage    Failure   Level
 Apportation              Tloc           0%         N/A       77%         1
 Necrotise                Necr           0%         1d4       77%         1
 Summon Small Mammal      Summ           0%         N/A       77%         1
 Blink                    Tloc           0%         N/A       88%         2
 Lesser Beckoning         Tloc           0%         N/A       88%         2
 Momentum Strike          Conj/Tloc      0%         3d8       88%         2


Dungeon Overview and Level Annotations

Branches:
Dungeon (3/15)

Altars:

Shops:
D:2 [

Annotations:
D:3 Natasha


Innate Abilities, Weirdness & Mutations

You are completely covered in rugged brown scales. (AC +3, +7% HP)
Armour fits poorly on your strangely shaped body.
You have a long armoured tail.
You roll when moving toward enemies. (Rampage)
Your long tongue fully drains potion bottles. (2x potion effects)
Your tongue gives you trouble enunciating. (1.5x scroll delay)
You have sharp toenails.
Your body sometimes deteriorates upon taking damage.
Your magical capacity is low. (-10% MP)
You are strong-willed. (Will+)
You passively map a small area around you.
Your system is resistant to poisons. (rPois)


Message History

You climb upwards.
There is a stone staircase leading down here.
There is an entrance to Tufutab's Antique Armour Boutique here.
There is a stone staircase leading down here.
You climb downwards.
Level annotation: Natasha
There is a stone staircase leading up here.
You start resting.
HP restored.
There is a stone staircase leading up here.
An orc priest comes into view.
It is wielding a +0 short sword of venom.
Found 13 gold pieces.
An orc priest is nearby!
You roll towards the orc priest!
You barely miss the orc priest.
You hear a shout! x2
An orc priest comes into view. It is wielding a +0 club.
An orc comes into view. It is wielding a +0 club.
You hit the orc. Your kick misses the orc.
The orc is lightly wounded.
You sock the orc!
You kill the orc!
The orc priest calls down the wrath of Beogh upon you.
Beogh smites you!
Your body deteriorates!
You feel clumsy.
The orc priest miscasts a cantrip.
You hit the orc priest but do no damage.
You claw the orc priest.
The orc priest is moderately wounded.
The orc priest begins to cast a cantrip, but forgets the words!
The orc priest mumbles some strange prayers to Beogh against you.
Beogh smites you!
You are too injured to fight recklessly!
The orc priest attacks as you move away!
The orc priest hits you with a +0 short sword of venom.
The orc priest calls down the wrath of Beogh upon you.
Pain shoots through your body!
* * * LOW HITPOINT WARNING * * *
The orc priest mumbles some strange prayers to Beogh against you.
Beogh smites you!
You die...

, *
########.#
* *
#.........
#@######.#
* #.# ,, *
* #.## **
#.#o# * ,
..###o....#
* * ###,
#.$..# *
*##..# * <
* .#* , ..


You could see an orc priest.

Vanquished Creatures
  Crazy Yiuf (D:2)
  An adder (D:2)
  A worm (D:2)
  An orc (D:3)
  2 endoplasms
  6 giant cockroaches
  A goblin (D:1)
  11 hobgoblins
  3 jackals (D:1)
  2 quokkas
  5 ball pythons (D:1)
  8 bats
  3 frilled lizards
  2 kobolds (D:1)
  A rat (D:2)
48 creatures vanquished.

Notes
Turn   | Place    | Note
-------+----------+-------------------------------------------
     0 | D:1      | FexLirch the Armataur Fighter began the quest for the Orb.
     0 | D:1      | Reached XP level 1. HP: 19/19 MP: 1/1
   196 | D:1      | Reached XP level 2. HP: 21/26 MP: 2/2
   566 | D:1      | Reached skill level 4 in Armour
   566 | D:1      | Reached XP level 3. HP: 32/32 MP: 3/3
   907 | D:2      | Found Tufutab's Antique Armour Boutique.
  1325 | D:2      | Found a runed translucent door.
  1326 | D:2      | Noticed Crazy Yiuf
  1451 | D:2      | Gained mutation: You are strong-willed. (Will+) [potion of
                  | mutation]
  1451 | D:2      | Gained mutation: You have sharp toenails. [potion of
                  | mutation]
  1451 | D:2      | Gained mutation: Your magical capacity is low. (-10% MP)
                  | [potion of mutation]
  1451 | D:2      | Gained mutation: Your system is resistant to poisons.
                  | (rPois) [potion of mutation]
  1451 | D:2      | Gained mutation: Your body sometimes deteriorates upon
                  | taking damage. [potion of mutation]
  1451 | D:2      | Gained mutation: You passively map a small area around you.
                  | [potion of mutation]
  1549 | D:2      | Killed Crazy Yiuf
  1550 | D:2      | Reached XP level 4. HP: 4/40 MP: 0/3
  1723 | D:3      | Noticed Natasha
  1810 | D:3      | Killed from afar by an orc priest

Illustrated notes

Levels and vault maps discovered:
D:1:      dpeg_arrival_short_road, layout_basic
D:2:      layout_loops_ring, serial_shops, nicolae_shop_statue_plus,
          minmay_pentomino_q2, uniq_crazy_yiuf_cottage
D:3:      layout_loops_ring, uniq_natasha

Skill      XL: |  1  2  3 |
---------------+----------+-----
Maces & Flails | 2 3 |  3.0
Armour         | 4 |  4.3
Fighting       | 3 |  3.1
Shields        | |  3.9

Action                     |  1- 3 |  4- 6 || total
---------------------------+-------+-------++-------
  Melee: Flail             |   153 |     6 ||   159
         Tailslap          |     4 |     2 ||     6
         Kick              |     2 |     1 ||     3
    Use: Potion            |     1 |       ||     1
 Armour: Scale mail        |   108 |     4 ||   112
  Dodge: Dodged            |    59 |     5 ||    64
  Block: Buckler           |    28 |       ||    28

Table legend: (Time is in decaauts)
 A = Elapsed time spent in this place.
 B = Non-inter-level travel time spent in this place.
 C = Inter-level travel time spent in this place.
 D = Time resting spent in this place.
 E = Time spent auto-exploring this place.
 F = Levels seen in this place.
 G = Mean time per level.
                   A        B        C        D        E       F      G
               +--------+--------+--------+--------+--------+-----+--------+
         Total |   1859 |   1776 |     83 |     34 |   1340 |   3 |  619.7 |
       Dungeon |   1859 |   1776 |     83 |     34 |   1340 |   3 |  619.7 |
               +--------+--------+--------+--------+--------+-----+--------+

Top non-repeatable levels by time:
     D:2: 973 daAuts
     D:1: 825 daAuts
     D:3: 61 daAuts
